[Event "FIDE WYCC Top Boards Girls 2023"]
[Site "Montesilvano"]
[Date "2023.11.24"]
[Round "11.11"]
[White "Khamdamova, Afruza"]
[Black "Mgeladze, Kesaria"]
[Result "1-0"]
[ECO "B35"]
[WhiteElo "2199"]
[BlackElo "2065"]
[Annotator "RC"]
[PlyCount "69"]
[EventDate "2023.11.13"]
[EventType "swiss"]
[EventCountry "ITA"]
[SourceTitle "playchess.com"]
[Source "ChessBase"]
[SourceQuality "1"]
[TimeControl "40/5400+30:1800+30"]

1. e4 c5 2. Nf3 Nc6 3. d4 cxd4 4. Nxd4 g6 5. Nc3 Bg7 6. Be3 Nf6 7. Bc4 Qa5 8. O-O O-O 9. h3 d6 10. Bb3 Bd7 11. Re1 Rfe8 12. Nf3 Rac8 13. Qe2 Nd8 14. Bd2 Qb6 15. Rad1 Be6 16. Nd5 Nxd5 17. exd5 Bd7 18. Be3 Qc7 19. c3 b6 20. Bd4 Nb7 21. Bxg7 Kxg7 22. Qd2 Na5 23. Qd4+ Kg8 24. Qh4 Kg7 25. Rxe7 Rxe7 26. Qxe7 Re8 27. Qh4 Nxb3 28. axb3 Bf5 29. Nd4 Bd7 30. Qf4 Re5 31. Nf3 Re8 32. Nd2 Re2 33. Nc4 Qc5 34. Nxd6 f6 35. b4 1-0

[Event "FIDE WYCC Top Boards Girls 2023"]
[Site "Montesilvano"]
[Date "2023.11.24"]
[Round "11.12"]
[White "Piddubna, Bozhena"]
[Black "Kaliakhmet, Elnaz"]
[Result "0-1"]
[ECO "D20"]
[WhiteElo "2081"]
[BlackElo "1933"]
[Annotator "NA RC"]
[PlyCount "50"]
[EventDate "2023.11.13"]
[EventType "swiss"]
[EventCountry "ITA"]
[SourceTitle "playchess.com"]
[Source "ChessBase"]
[SourceQuality "1"]
[TimeControl "40/5400+30:1800+30"]

1. d4 d5 2. c4 dxc4 3. g3 Nf6 4. Bg2 e5 5. Nf3 Nc6 6. Qa4 exd4 7. Ne5 Bd7 8. Nxc6 bxc6 9. Bxc6 Rb8 10. a3 Rb6 11. Bxd7+ Qxd7 12. Qxa7 Qc6 13. O-O Bc5 14. Qa5 O-O 15. Qe1 Re8 16. Qd1 Qe6 17. Nd2 Qh3 18. Nf3 Ng4 19. Qa4 Re5 20. Bg5 Rb3 21. Rfd1 Bf8 22. Rxd4 Rxf3 23. Rxg4 Rxf2 24. Kxf2 Qxh2+ 25. Kf1 Rxe2 0-1